 Dungeon Crawl Stone Soup version 0.27.1-2-g3b301248ec (webtiles) character file.

Game seed: 10602042734377065458

8726 Rickety the Thaumaturge (level 11, -9/121 HPs)
             Began as a Gnoll Venom Mage on Sept 25, 2021.
             Was a Believer of Sif Muna.
             Mangled by a large abomination (29 damage)
             ... on level 2 of the Abyss.
             The game lasted 00:38:52 (13277 turns).

Rickety the Thaumaturge (Gnoll Venom Mage)         Turns: 13277, Time: 00:38:53

Health: -9/121     AC: 11    Str:  7    XL:     11   Next: 35%
Magic:  23/23      EV: 14    Int: 23    God:    Sif Muna [**....]
Gold:   695        SH:  0    Dex: 14    Spells: 9/26 levels left

rFire    . . .     SeeInvis .   a - staff of poison
rCold    . . .     Faith    .   (no shield)
rNeg     . . .     Spirit   .   N - +0 troll leather armour
rPois    +         Reflect  +   (no helmet)
rElec    .         Harm     .   (no cloak)
rCorr    .         Rampage  .   O - +3 pair of gauntlets of War {Slay+5}
Will     .....                  e - +1 pair of boots
Stlth    ..........             F - amulet of reflection
HPRegen  1.30/turn              J - +6 ring of intelligence
MPRegen  0.18/turn              (no ring)

@: confused, berserking (expiring), very quick
A: fangs 1, strong nose, distributed training
a: Renounce Religion, Channel Magic


You were on level 2 of the Abyss.
You worshipped Sif Muna.
Sif Muna was pleased with you.
You visited 2 branches of the dungeon, and saw 10 of its levels.
You visited the Abyss 1 time.

You collected 695 gold pieces.

Inventory:

Hand Weapons
 b - a +1 vampiric dagger
 c - a +3 hand axe of freezing
 j - a +0 short sword of draining
 I - a +4 dagger
 L - a +1 antimagic hand axe
Missiles
 t - a curare-tipped dart
 B - 28 poisoned darts
 C - a throwing net
Armour
 e - a +1 pair of boots (worn)
 h - a +0 kite shield
 r - a +1 robe of positive energy
 H - a +1 robe of fire resistance
 M - +0 acid dragon scales
 N - a +0 troll leather armour (worn)
 O - the +3 pair of gauntlets of War (worn) {Slay+5}
   (You found it on level 9 of the Dungeon)

   Slay:      It affects your accuracy & damage with ranged weapons and melee
   (+5).
Magical Staves
 a - a staff of poison (weapon)
Jewellery
 w - an amulet of faith
 y - a ring of ice
 F - an amulet of reflection (around neck)
 J - a +6 ring of intelligence (left hand)
Wands
 i - a wand of polymorph (7)
 m - a wand of paralysis (5)
 s - a wand of digging (5)
Scrolls
 d - a scroll of enchant weapon {unknown}
 l - 2 scrolls of magic mapping {unknown}
 o - a scroll of amnesia {unknown}
 p - a scroll of torment {unknown}
 u - 2 scrolls of fear {unknown}
 A - 2 scrolls of blinking {unknown}
 D - 2 scrolls of noise {unknown}
Potions
 f - 2 potions of attraction {unknown}
 g - a potion of berserk rage
 k - a potion of invisibility
 n - 3 potions of lignification
 q - a potion of magic
 v - 2 potions of flight
 x - 4 potions of heal wounds {unknown}
 z - a potion of haste {unknown}
 E - 3 potions of brilliance {unknown}
 G - a potion of cancellation {unknown}


   Skills:
 + Level 6.2 Fighting
 + Level 6.2 Short Blades
 + Level 6.2 Long Blades
 + Level 6.2 Axes
 + Level 6.2 Maces & Flails
 + Level 6.2 Polearms
 + Level 6.2 Staves
 + Level 6.2 Slings
 + Level 6.2 Bows
 + Level 6.2 Crossbows
 + Level 6.2 Throwing
 + Level 6.2 Armour
 + Level 7.8 Dodging
 + Level 7.6 Stealth
 + Level 6.2 Shields
 + Level 6.2 Unarmed Combat
 + Level 8.1 Spellcasting
 + Level 5.1 Conjurations
 + Level 5.1 Hexes
 + Level 5.1 Summonings
 + Level 5.1 Necromancy
 + Level 5.1 Translocations
 + Level 5.6 Transmutations
 + Level 5.1 Fire Magic
 + Level 5.1 Ice Magic
 + Level 5.1 Air Magic
 + Level 5.1 Earth Magic
 + Level 7.6 Poison Magic
 + Level 6.8 Invocations
 + Level 6.2 Evocations


You had 9 spell levels left.
You knew the following spells:

 Your Spells              Type           Power      Damage    Failure   Level
a - Sting                 Tmut/Pois      100%       1d8       1%          1
m - Mephitic Cloud        Conj/Pois/Air  53%        N/A       2%          3
v - Poisonous Vapours     Pois/Air       100%       N/A       1%          2
x - Olgreb's Toxic Radia  Pois           61%        N/A       4%          4
D - Dispel Undead         Necr           33%        3d14      12%         4
G - Gell's Gravitas       Tloc           16%        N/A       3%          3

Your spell library contained the following spells:

 Spells                   Type           Power      Damage    Failure   Level
 Static Discharge         Conj/Air       33%        N/A       1%          2
 Sublimation of Blood     Necr           16%        N/A       1%          2
 Lesser Beckoning         Tloc           16%        N/A       3%          3
 Teleport Other           Tloc           33%        N/A       3%          3
 Petrify                  Tmut/Erth      34%        N/A       11%         4
 Sticky Flame             Conj/Fire      33%        2d5       12%         4
 Irradiate                Conj/Tmut      17%        3d19      28%         5
 Lightning Bolt           Conj/Air       16%        1d30      32%         5
 Maxwell's Capacitive Co  Air            16%        ∞         100%        8


Dungeon Overview and Level Annotations

Branches:
Dungeon (9/15)             Temple (1/1) D:5            Lair (0/6) D:8
    Orc (0/2) D:9

Altars:
Ashenzari
Dithmenos
Elyvilon
Fedhas
Gozag
Hepliaklqana
Kikubaaqudgha
Makhleb
Nemelex Xobeh
Okawaru
Qazlal
Ru
Sif Muna
Trog
Uskayaw
Vehumet
Yredelemnul
Zin
The Shining One

Shops:
D:9 (

Annotations:
D:4 3 runed translucent doors, GravelGoth's ghost, novice DsFi; Violens's ghost, amateur MiBe; poopdublio's ghost, amateur MiBe; r3algood3's ghost, weakling DrTm
D:5 exclusion: oklob plant
D:7 1 runed translucent door, ZARRMARR's ghost, novice OpTm


Innate Abilities, Weirdness & Mutations

You have very sharp teeth.
Your uncanny sense of smell can sniff out nearby items.
Your experience applies equally to all skills.


Message History

The smoke demon is poisoned.
The smoke demon is moderately wounded.
The smoke demon closely misses you. The smoke demon hits you.
The smoke demon hits you but does no damage.
The worldbinder calls forth creatures from the Spider Nest!
You bump into the rock wall.
The worldbinder barely misses you. x2
The smoke demon hits you but does no damage.
The smoke demon closely misses you. The smoke demon misses you.
The large abomination hits you!
The jumping spider pounces on you but does no damage.
The jumping spider bites you but does no damage.
Unknown command.
You closely miss the worldbinder.
The worldbinder is lightly damaged.
The worldbinder barely misses you. The worldbinder hits you.
You hit the smoke demon!
The smoke demon is heavily wounded.
The jumping spider barely misses you. x2
The smoke demon gestures at you. Something smites you!
The worldbinder calls forth creatures from the Spider Nest!
The jumping spider closely misses you. The jumping spider bites you.
You hit the worldbinder!
The worldbinder is moderately damaged.
The large abomination hits you!!
* * * LOW HITPOINT WARNING * * *
The worldbinder closely misses you. x2
The smoke demon hits you but does no damage.
The smoke demon barely misses you.
The smoke demon hits you but does no damage.
You're too confused to move!
The jumping spider leaps!
The worldbinder barely misses you. The worldbinder closely misses you.
Unknown command.
You barely miss the worldbinder. You bite the worldbinder.
The worldbinder is heavily damaged.
The smoke demon looks more healthy.
The orb spider disappears in a puff of smoke!
The smoke demon barely misses you. The smoke demon misses you.
The smoke demon barely misses you. The large abomination hits you!!
You die...

..# ### # ...
...#.#.#
....#.#.# ..
...#..#.####..$
#
...............
?..s....°3X...#
# .# # #@# .. .
. .. ..#x#∆ .(.
. ... .#s# #
... ... ...
#§#$ . ... ....
.. ....... ..
.###.#####.. #
. . . . x.....
.$ #. ####.#s
... .. . #
.#####.# . . .
. .


You could see a large abomination, a worldbinder, a smoke demon and 2 jumping
spiders.

Vanquished Creatures
  4 lindwurms (D:8)
  An ugly thing (D:9)
  A centaur zombie (D:7)
  2 trolls (D:9)
  3 wyverns
  14 yaks
  2 golden eyes (Abyss:2)
  An acid dragon (D:9)
  A water moccasin (D:9)
  A hornet zombie (D:6)
  2 black bears
  2 sky beasts
  An ice beast (D:4)
  An ogre (D:5)
  4 orc warriors
  A phantom (D:4)
  A kobold brigand (D:7)
  3 bullfrogs
  A gnoll sergeant (D:9)
  2 scorpions
  2 water moccasin zombies (D:5)
  A water moccasin skeleton (D:6)
  3 killer bees (D:9)
  10 wights
  4 hounds
  An orc priest (D:8)
  A centaur skeleton (D:5)
  An iguana (D:5)
  5 orc wizards
  A killer bee zombie (D:8)
  2 hound skeletons
  3 howler monkey zombies
  9 gnolls
  8 adders
  2 white imps
  An ufetubus (D:6)
  3 worms
  2 dart slugs (D:2)
  21 orcs
  5 bats
  7 endoplasms
  4 giant cockroaches
  2 goblins
  7 hobgoblins
  5 jackals
  3 quokkas
  5 ball pythons
  2 frilled lizards
  10 kobolds
  11 rats
189 creatures vanquished.

Vanquished Creatures (others)
  5 fungi (D:8)
  6 plants (D:8)
11 creatures vanquished.

Grand Total: 200 creatures vanquished

Notes
Turn   | Place    | Note
-------+----------+-------------------------------------------
     0 | D:1      | Rickety the Gnoll Venom Mage began the quest for the Orb.
     0 | D:1      | Reached XP level 1. HP: 13/13 MP: 6/6
    88 | D:1      | Found a faded altar of an unknown god.
   259 | D:1      | Reached XP level 2. HP: 18/19 MP: 1/7
   262 | D:1      | Learned a level 2 spell: Poisonous Vapours
   396 | D:1      | Reached XP level 3. HP: 17/25 MP: 0/9
   404 | D:1      | Learned a level 3 spell: Mephitic Cloud
   561 | D:1      | Reached skill level 5 in Spellcasting
  1168 | D:2      | Reached skill level 1 in Invocations
  1441 | D:2      | Reached skill level 1 in Fighting
  1441 | D:2      | Reached skill level 1 in Short Blades
  1441 | D:2      | Reached skill level 1 in Long Blades
  1441 | D:2      | Reached skill level 1 in Axes
  1441 | D:2      | Reached skill level 1 in Maces & Flails
  1441 | D:2      | Reached skill level 1 in Polearms
  1441 | D:2      | Reached skill level 1 in Staves
  1441 | D:2      | Reached skill level 1 in Slings
  1441 | D:2      | Reached skill level 1 in Bows
  1441 | D:2      | Reached skill level 1 in Crossbows
  1441 | D:2      | Reached skill level 1 in Throwing
  1441 | D:2      | Reached skill level 1 in Armour
  1441 | D:2      | Reached skill level 1 in Shields
  1441 | D:2      | Reached skill level 1 in Unarmed Combat
  1441 | D:2      | Reached skill level 1 in Evocations
  1650 | D:2      | Reached XP level 4. HP: 32/32 MP: 6/11
  2763 | D:3      | Reached skill level 1 in Conjurations
  2763 | D:3      | Reached skill level 1 in Hexes
  2763 | D:3      | Reached skill level 1 in Summonings
  2763 | D:3      | Reached skill level 1 in Necromancy
  2763 | D:3      | Reached skill level 1 in Translocations
  2763 | D:3      | Reached skill level 1 in Fire Magic
  2763 | D:3      | Reached skill level 1 in Ice Magic
  2763 | D:3      | Reached skill level 1 in Air Magic
  2763 | D:3      | Reached skill level 1 in Earth Magic
  2870 | D:3      | Reached XP level 5. HP: 37/37 MP: 5/12
  3192 | D:4      | Noticed an ice beast
  3205 | D:4      | Killed an ice beast
  3419 | D:4      | Reached XP level 6. HP: 37/44 MP: 11/14
  3532 | D:4      | Found a runed translucent gate.
  3534 | D:4      | Noticed GravelGoth's ghost (novice DsFi)
  3540 | D:4      | Found a runed translucent gate.
  3540 | D:4      | Found a runed translucent gate.
  3540 | D:4      | Noticed poopdublio's ghost (amateur MiBe)
  3540 | D:4      | Noticed r3algood3's ghost (weakling DrTm)
  3541 | D:4      | Noticed Violens's ghost (amateur MiBe)
  3648 | D:4      | Reached skill level 5 in Dodging
  4021 | D:5      | Entered Level 5 of the Dungeon
  4578 | D:4      | Reached XP level 7. HP: 5/50 MP: 15/15
  4865 | D:5      | Found a staircase to the Ecumenical Temple.
  4871 | Temple   | Entered the Ecumenical Temple
  4904 | Temple   | Became a worshipper of Sif Muna the Loreminder
  5836 | D:5      | Reached skill level 5 in Stealth
  6185 | D:5      | Found a blossoming altar of Fedhas.
  6201 | D:5      | Noticed an oklob plant
  6483 | D:6      | Reached XP level 8. HP: 33/57 MP: 16/16
  6861 | D:6      | Noticed a wyvern
  6872 | D:6      | Killed a wyvern
  6988 | D:6      | Reached skill level 6 in Spellcasting
  7680 | D:6      | Learned a level 4 spell: Dispel Undead
  8155 | D:6      | Found a sacrificial altar of Ru.
  8643 | D:7      | Reached XP level 9. HP: 33/65 MP: 4/18
  8921 | D:7      | Found a white marble altar of Elyvilon.
  8979 | D:7      | Found a runed translucent door.
  8979 | D:7      | Noticed ZARRMARR's ghost (novice OpTm)
  9412 | D:7      | Learned a level 4 spell: Olgreb's Toxic Radiance
  9568 | D:7      | Found a basalt altar of Yredelemnul.
 10178 | D:8      | Noticed a lindwurm
 10252 | D:8      | Reached skill level 5 in Invocations
 10258 | D:8      | Reached * piety under Sif Muna
 10381 | D:8      | Reached skill level 7 in Spellcasting
 10482 | D:8      | Noticed a lindwurm
 10485 | D:8      | Noticed a lindwurm
 10516 | D:8      | Killed a lindwurm
 10517 | D:8      | Reached skill level 5 in Fighting
 10517 | D:8      | Reached skill level 5 in Short Blades
 10517 | D:8      | Reached skill level 5 in Long Blades
 10517 | D:8      | Reached skill level 5 in Axes
 10517 | D:8      | Reached skill level 5 in Maces & Flails
 10517 | D:8      | Reached skill level 5 in Polearms
 10517 | D:8      | Reached skill level 5 in Staves
 10517 | D:8      | Reached skill level 5 in Slings
 10517 | D:8      | Reached skill level 5 in Bows
 10517 | D:8      | Reached skill level 5 in Crossbows
 10517 | D:8      | Reached skill level 5 in Throwing
 10517 | D:8      | Reached skill level 5 in Armour
 10517 | D:8      | Reached skill level 5 in Shields
 10517 | D:8      | Reached skill level 5 in Unarmed Combat
 10517 | D:8      | Reached skill level 5 in Evocations
 10517 | D:8      | Reached XP level 10. HP: 74/74 MP: 6/20
 10518 | D:8      | Killed a lindwurm
 10618 | D:8      | Noticed a lindwurm
 10747 | D:8      | Found a staircase to the Lair.
 11084 | D:8      | Noticed a +0 short sword
 11085 | D:8      | Noticed a +0 spear
 11085 | D:8      | Noticed a +0 dagger
 11086 | D:8      | Noticed a +0 short sword
 11086 | D:8      | Noticed a +0 falchion
 11086 | D:8      | Noticed a +0 falchion
 11087 | D:8      | Noticed a +0 dagger
 11087 | D:8      | Noticed a +0 spear
 11090 | D:8      | Found a hide-covered altar of Uskayaw.
 11233 | D:8      | Found the +9 scales of the Dragon King {rPois rF+ rC+
                  | Will+}
 11255 | D:8      | Killed a lindwurm
 11295 | D:8      | Killed a lindwurm
 11296 | D:8      | Reached skill level 5 in Transmutations
 11588 | D:9      | Noticed a purple ugly thing
 11773 | D:9      | Found a staircase to the Orcish Mines.
 11803 | D:9      | Found Remaaty's Weapon Emporium.
 11826 | D:9      | Killed a purple ugly thing
 12074 | D:9      | Reached XP level 11. HP: 81/81 MP: 10/22
 12078 | D:9      | Learned a level 3 spell: Gell's Gravitas
 12218 | D:9      | Reached ** piety under Sif Muna
 12538 | D:9      | Found the +3 pair of gauntlets of War {Slay+5}
 12594 | D:9      | Reached skill level 5 in Conjurations
 12594 | D:9      | Reached skill level 5 in Hexes
 12594 | D:9      | Reached skill level 5 in Summonings
 12594 | D:9      | Reached skill level 5 in Necromancy
 12594 | D:9      | Reached skill level 5 in Translocations
 12594 | D:9      | Reached skill level 5 in Fire Magic
 12594 | D:9      | Reached skill level 5 in Ice Magic
 12594 | D:9      | Reached skill level 5 in Air Magic
 12594 | D:9      | Reached skill level 5 in Earth Magic
 12942 | D:9      | Reached skill level 8 in Spellcasting
 13193 | D:9      | Noticed a wizard
 13199 | D:9      | Cast into level 2 of the Abyss (a wizard)
 13236 | Abyss:2  | Noticed a worldbinder
 13248 | Abyss:2  | Noticed an orb spider
 13263 | Abyss:2  | Noticed an orb spider
 13277 | Abyss:2  | Mangled by a large abomination

Illustrated notes

Levels and vault maps discovered:
D:1:      amcnicky_arrival_double_pillar, layout_rooms,
          ebering_ecumenical_altar_mist
D:2:      layout_basic
D:3:      layout_basic
D:4:      layout_loops_ring, gammafunk_ghost_cemetery
D:5:      layout_cave_pools, tgw_fedhas, minmay_temple_entry_ruins
D:6:      layout_gridville, nicolae_ru_path_of_blood, grunt_ministairs_2
D:7:      layout_rooms, kennysheep_ying_yang, gammafunk_ghost_grave,
          hex_intersection
D:8:      layout_cave_pods, nicolae_uskayaw_en_pointe, dpeg_oklobed_lair,
          minmay_lindwurm_lava
D:9:      cheibrodos_wizards_tower, layout_small_grid, orc_david_3,
          minivault_16, hive_lemuel
Temple:   nicolae_temple_great_sept
Abyss:2:  base:
D:2

Skill      XL: |  1  2  3  4  5  6  7  8  9 10 11 |
---------------+----------------------------------+-----
Transmutations | 2 3 4 5 |  5.6
Spellcasting   | 5 6 7 8 |  8.1
Invocations    | 1 2 3 4 5 6 |  6.8
Fighting       | 1 2 4 5 6 |  6.2
Short Blades   | 1 2 4 5 6 |  6.2
Long Blades    | 1 2 4 5 6 |  6.2
Axes           | 1 2 4 5 6 |  6.2
Maces & Flails | 1 2 4 5 6 |  6.2
Polearms       | 1 2 4 5 6 |  6.2
Staves         | 1 2 4 5 6 |  6.2
Slings         | 1 2 4 5 6 |  6.2
Bows           | 1 2 4 5 6 |  6.2
Crossbows      | 1 2 4 5 6 |  6.2
Throwing       | 1 2 4 5 6 |  6.2
Armour         | 1 2 4 5 6 |  6.2
Shields        | 1 2 4 5 6 |  6.2
Unarmed Combat | 1 2 4 5 6 |  6.2
Evocations     | 1 2 4 5 6 |  6.2
Conjurations   | 1 2 3 4 5 |  5.1
Hexes          | 1 2 3 4 5 |  5.1
Summonings     | 1 2 3 4 5 |  5.1
Necromancy     | 1 2 3 4 5 |  5.1
Translocations | 1 2 3 4 5 |  5.1
Fire Magic     | 1 2 3 4 5 |  5.1
Ice Magic      | 1 2 3 4 5 |  5.1
Air Magic      | 1 2 3 4 5 |  5.1
Earth Magic    | 1 2 3 4 5 |  5.1
Dodging        | 5 6 7 |  7.8
Stealth        | 5 6 7 |  7.6
Poison Magic   | 6 7 |  7.6

Action                   |  1- 3 |  4- 6 |  7- 9 | 10-12 || total
-------------------------+-------+-------+-------+-------++-------
Melee: Unarmed           |    25 |       |       |       ||    25
       Flail             |     8 |    21 |   111 |       ||   140
       Bite              |     1 |     6 |    17 |     5 ||    29
       Short sword       |     2 |     2 |       |       ||     4
       Dagger            |       |    40 |    30 |    12 ||    82
       Punch             |       |     1 |       |       ||     1
       Staff             |       |    26 |    17 |    42 ||    85
       Hand axe          |       |       |     3 |       ||     3
 Cast: Sting             |    57 |    54 |    80 |    53 ||   244
       Poisonous Vapours |    12 |    28 |    58 |    32 ||   130
       Mephitic Cloud    |       |     1 |     5 |     7 ||    13
       Dispel Undead     |       |       |    19 |     2 ||    21
       Olgreb's Toxic Ra |       |       |     5 |    10 ||    15
       Gell's Gravitas   |       |       |       |     1 ||     1
Evoke: Wand              |       |       |       |     1 ||     1
  Use: Potion            |       |     1 |       |     2 ||     3
       Scroll            |       |       |     5 |       ||     5
 Stab: Sleeping          |     2 |     5 |     3 |       ||    10
       Distracted        |       |     1 |       |       ||     1
       Confused          |       |       |     6 |     5 ||    11
       Paralysed         |       |       |       |     1 ||     1
Armor: Robe              |    12 |    27 |    73 |     5 ||   117
       Troll leather arm |       |       |       |    36 ||    36
Dodge: Dodged            |    45 |    78 |   198 |    96 ||   417
Block: Other             |       |       |    30 |    14 ||    44
